Map: Thunderbird LE

Players

pHARM

  • Race: Zerg Zerg
  • League: Platinum
  • Spawn Location: 5:00

IIIIIIIIIIII - Winner!

  • Race: Protoss Protoss
  • Spawn Location: 11:00

VOD

Have the link to the VOD?

Description

Time

  • Played on: Sept. 4, 2019, 11:54 p.m.
  • Length: 20:09
Show
View Real Time Build Order
Export as new Build Order

pHARM Zerg 

Build Orders: Hatch First 

Get SALT Encoding   

  12  0:01  Drone  
  13  0:13  Overlord  
  13  0:20  Drone  
  14  0:33  Drone x2  
  16  0:53  Hatchery  
  15  0:57  Drone  
  15  0:58  Drone  
  15  0:59  Drone  
  18  1:10  Drone  
  19  1:19  Spawning Pool  
  18  1:26  Drone  
  19  1:39  Drone  
  20  2:04  Drone x2  
  20  2:05  Drone  
  20  2:06  Queen x2  
  27  2:09  Drone  
  28  2:25  Overlord x2  
  28  2:47  Drone x4  
  28  2:49  Queen  
  34  3:13  Overlord x2, Drone  
  34  3:14  Drone x3  
  38  3:27  Drone, Hatchery  
  38  3:28  Drone x5  
  38  3:32  Extractor  
  42  3:36  Extractor  
  42  3:37  Extractor  
  40  3:45  Spore Crawler  
  39  3:48  Spore Crawler, Queen x2  
  39  3:51  Drone x4  
  33  4:34  Drone x9  
  41  5:02  Drone x4  
  45  5:11  Drone x9  
  54  5:32  Drone x2  
  56  5:36  Drone x3  
  59  5:43  Evolution Chamber  
  59  5:44  Evolution Chamber  
  59  5:45  Roach Warren  
  47  5:52  Drone x12  
  53  6:15  Spore Crawler, Drone x3  
  53  6:16  Drone x3  
  58  6:22  Zerg Ground Armor Level 1, Zerg Missile Weapons Level 1  
  58  6:32  Lair  
  58  6:33  Drone x3  
  58  6:34  Drone  
  58  6:39  Extractor  
  61  6:41  Extractor  
  60  6:49  Overlord x5  
  60  6:58  Hatchery  
  59  7:17  Overlord  
  59  7:18  Overlord  
  59  7:25  Roach  
  59  7:26  Roach x10  
  81  7:31  Overlord x3  
  81  7:47  Hydralisk Den, Drone  
  81  7:50  Drone  
  81  7:51  Drone x3  
  85  7:57  Queen x3  
  91  8:11  Drone  
  91  8:12  Drone x3  
  95  8:13  Drone x2  
  95  8:16  Drone  
  95  8:19  Hydralisk x6  
  110  8:28  Overlord x4  
  110  8:31  Zerg Ground Armor Level 2, Zerg Missile Weapons Level 2  
  110  8:32  Glial Reconstitution  
  110  8:35  Grooved Spines  
  110  8:40  Extractor  
  109  8:42  Infestation Pit, Hydralisk x2  
  109  8:44  Overlord  
  109  8:45  Overlord x5  
  112  9:01  Overlord  
  112  9:02  Overlord  
  112  9:26  Hydralisk x13  
  138  9:46  Drone x12  
  138  9:47  Muscular Augments  
  150  10:14  Hydralisk  
  150  10:15  Hydralisk x15  
  182  10:41  Hydralisk x8  
  198  10:57  Nydus Network  
  197  11:21  Hatchery  
  190  11:51  Zerg Melee Weapons Level 1  
  190  11:54  Hive  
  172  12:32  Hydralisk x9  
  172  12:33  Hydralisk x15  
  158  12:40  Zergling x2  
  158  12:41  Zergling x2  
  146  12:52  Roach x9  
  152  13:12  Roach x3  
  166  13:13  Roach x4  
  168  13:20  Roach x14  
  183  13:49  Extractor  
  183  13:50  Extractor  
  181  14:11  Spire, Zerg Ground Armor Level 3, Zerg Missile Weapons Level 3  
  176  14:23  Drone  
  161  14:24  Drone x3  
  161  14:25  Drone x26  
  190  14:43  Spine Crawler x2  
  184  14:54  Spine Crawler  
  184  14:55  Spine Crawler  
  184  14:57  Spine Crawler  
  181  15:01  Spine Crawler  
  180  15:23  Hatchery  
  180  15:28  Greater Spire  
  177  15:31  Lurker Den  
  176  15:41  Overseer x3  
  176  15:48  Roach  
  176  15:49  Roach x10  
  178  16:04  Roach x14  
  138  16:18  Roach x9  
  138  16:24  Hydralisk x3  
  113  16:34  Hydralisk x3  
  119  16:47  Hatchery  
  118  16:58  Corruptor x9  
  136  17:04  Lurker  
  136  17:05  Lurker x2  
  139  17:11  Spine Crawler  
  139  17:12  Spine Crawler x2  
  136  17:51  Extractor  
  136  17:55  Zerg Flyer Armor Level 1  
  136  17:56  Corruptor x3  
  136  17:57  Corruptor  
  143  18:03  Extractor, Drone x9  
  102  18:23  Roach x7  
  100  18:37  Brood Lord x3  
  102  18:54  Brood Lord  
  92  19:09  Adaptive Talons  
  92  19:11  Hydralisk x2  
  52  19:43  Lurker x2  
Show
View Real Time Build Order
Export as new Build Order

IIIIIIIIIIII Protoss - Winner!

Build Orders: Oracle Opening, Phoenix Opening, Archon Immortal 

Get SALT Encoding   

  12  0:00  Probe  
  13  0:13  Probe  
  14  0:20  Pylon  
  14  0:25  Probe  
  15  0:38  Probe  
  16  0:50  Probe  
  16  0:54  Gateway  
  17  1:02  Probe  
  18  1:10  Assimilator x2  
  17  1:11  Probe  
  17  1:12  Pylon  
  18  1:19  Probe  
  19  1:28  Probe  
  20  1:40  Probe  
  21  1:52  Probe  
  22  2:05  Probe  
  22  2:06  Cybernetics Core  
  23  2:10  Gateway  
  23  2:11  Zealot  
  25  2:20  Nexus  
  25  2:27  Warp Gate  
  25  2:29  Pylon  
  25  2:31  Probe  
  25  2:34  Adept  
  28  2:52  Stargate  
  28  2:53  Probe  
  29  2:58  Adept  
  31  3:07  Adept  
  31  3:08  Probe  
  34  3:19  Pylon  
  34  3:24  Probe  
  35  3:27  Phoenix  
  35  3:34  Probe  
  35  3:36  Probe  
  39  3:46  Probe  
  40  3:48  Oracle, Probe  
  44  3:58  Probe  
  44  4:01  Probe  
  46  4:10  Probe  
  46  4:13  Probe  
  48  4:17  Oracle, Protoss Air Weapons Level 1  
  45  4:42  Probe x2  
  45  4:44  Oracle  
  47  4:47  Assimilator  
  47  4:49  Assimilator  
  47  4:54  Probe x2  
  47  4:58  Gateway x2  
  52  5:01  Gateway  
  52  5:02  Gateway  
  52  5:03  Robotics Facility  
  52  5:06  Probe x2  
  52  5:07  Pylon  
  54  5:17  Shield Battery  
  54  5:18  Probe  
  54  5:19  Probe  
  56  5:21  Phoenix  
  56  5:28  Twilight Council  
  58  5:30  Pylon, Probe  
  58  5:31  Probe  
  60  5:35  Sentry  
  60  5:42  Phoenix  
  62  5:49  Probe  
  62  6:09  Blink, Phoenix  
  59  6:11  Nexus  
  59  6:14  Pylon  
  59  6:16  Pylon  
  59  6:17  Warp Prism  
  61  6:32  Adept x3  
  69  6:33  Adept  
  69  6:35  Phoenix  
  73  6:48  Probe x2  
  73  6:53  Forge  
  75  6:54  Stalker x2  
  75  6:55  Stalker  
  75  6:56  Pylon  
  81  7:01  Probe x2  
  83  7:11  Immortal  
  83  7:13  Probe x2  
  89  7:25  Probe x2  
  89  7:26  Probe  
  89  7:27  Protoss Ground Weapons Level 1  
  92  7:37  Probe  
  92  7:38  Probe x2  
  92  7:40  Immortal  
  92  7:43  Assimilator  
  95  7:47  Templar Archives, Assimilator  
  95  7:49  Probe  
  95  7:50  Pylon, Probe  
  101  7:52  Probe  
  101  7:54  Pylon  
  102  8:01  Probe  
  103  8:12  Gateway  
  103  8:14  Gateway  
  103  8:15  Gateway, Probe x2  
  103  8:17  Gateway  
  103  8:18  Immortal  
  103  8:19  Gateway, Probe  
  106  8:22  Pylon  
  106  8:24  Pylon  
  106  8:27  Probe x2  
  112  8:43  High Templar x6  
  124  8:57  Archon x2  
  124  8:58  Immortal, Archon  
  124  9:01  Nexus  
  124  9:03  Pylon  
  124  9:06  Pylon  
  124  9:08  Pylon  
  128  9:15  Robotics Facility  
  128  9:17  Pylon  
  128  9:24  Charge  
  128  9:27  Gateway  
  128  9:30  Gateway  
  128  9:33  Protoss Ground Weapons Level 2, Stalker x4  
  128  9:35  High Templar x2  
  128  9:36  Zealot x4  
  148  9:41  Archon  
  148  9:49  Shield Battery  
  148  9:51  Photon Cannon  
  148  9:54  Probe x2  
  148  9:56  Photon Cannon  
  148  9:58  Photon Cannon  
  150  10:04  Forge  
  150  10:09  Zealot  
  152  10:27  Zealot x3  
  152  10:28  Zealot x3  
  164  10:36  High Templar x4  
  164  10:37  High Templar x2  
  176  10:43  Protoss Ground Armor Level 1  
  176  10:45  Assimilator  
  176  10:46  Psionic Storm, Assimilator  
  176  10:49  Immortal  
  176  10:50  Photon Cannon  
  176  10:51  Photon Cannon  
  176  10:52  Photon Cannon  
  176  10:54  Photon Cannon  
  176  10:58  Immortal  
  184  11:13  Probe x2  
  182  11:41  High Templar x3  
  182  11:42  Zealot x4  
  182  11:46  Pylon  
  196  11:51  Gateway  
  196  11:52  Protoss Ground Weapons Level 3  
  196  11:54  Gateway  
  196  11:56  Gateway  
  196  11:58  Gateway  
  196  12:01  Gateway  
  196  12:04  Observer x2, Gateway  
  196  12:06  Gateway  
  176  12:38  Zealot, High Templar x3  
  176  12:39  Zealot x6  
  176  12:40  Zealot x2  
  200  13:00  Nexus  
  200  13:07  Pylon  
  200  13:10  Pylon  
  200  13:13  Pylon  
  200  13:17  Pylon  
  200  13:35  Protoss Ground Armor Level 2  
  174  13:50  Robotics Bay  
  174  13:51  Zealot x4  
  174  13:52  Zealot x6  
  174  13:53  Zealot x3  
  200  14:22  Warp Prism  
  182  14:36  High Templar x2  
  188  14:41  Photon Cannon  
  188  14:43  Photon Cannon  
  188  14:44  Photon Cannon, Zealot x4  
  188  14:45  Zealot x5  
  194  14:46  Zealot  
  194  14:49  Photon Cannon  
  194  14:50  Photon Cannon  
  194  14:52  Photon Cannon  
  200  14:53  Shield Battery x2  
  200  14:56  Shield Battery  
  200  14:58  Shield Battery  
  200  15:21  Unknown  
  200  15:23  Unknown  
  200  15:56  Zealot x4  
  186  15:57  Zealot x3  
  157  16:06  Protoss Ground Armor Level 3  
  157  16:10  Immortal x2  
  157  16:14  Extended Thermal Lance  
  157  16:17  Protoss Shields Level 1  
  145  16:38  Colossus x2, High Templar x7  
  145  16:39  High Templar x3  
  155  16:40  Zealot x4  
  155  16:41  Zealot x5  
  155  16:44  Archon  
  155  16:45  Archon x4  
  185  17:10  Zealot x4  
  185  17:11  Zealot x3, Nexus  
  185  17:12  Pylon  
  185  17:15  Pylon  
  183  17:26  Warp Prism  
  185  17:46  Zealot  
  185  17:47  Zealot  
  185  17:48  Zealot x5  
  199  17:52  Nexus  
  199  17:54  Gravitic Drive  
  199  17:56  Photon Cannon  
  199  17:57  Photon Cannon  
  199  17:59  Shield Battery  
  199  18:04  Photon Cannon  
  199  18:08  Shield Battery  
  199  18:10  Photon Cannon  
  195  18:12  Photon Cannon  
  195  18:14  Shield Battery, Photon Cannon  
  195  18:17  Photon Cannon  
  161  18:26  Observer x2  
  157  18:27  Stalker  
  157  18:28  Stalker x4  
  157  18:29  Stalker x6  
  157  18:30  Stalker x2  
  185  18:38  Stargate  
  185  18:39  Stargate  
  185  18:51  Gravitic Boosters  
  183  18:56  Zealot x2  
  183  18:57  Zealot x4  
  195  19:05  Assimilator  
  195  19:09  High Templar x2  
  199  19:15  Shield Battery  
  199  19:18  Shield Battery  
  195  19:25  Assimilator  
  175  19:53  Zealot  
  175  19:54  Zealot x4  
  175  19:55  Zealot x4  
  175  19:56  Zealot x2  
  175  19:57  Zealot  
Tags
 
Add a new tag
Caveats
  • Supply blocks, unpowered buildings, or Contaminate may cause inaccurate times.
  • Supply counts are checked every 10 seconds.